 Dungeon Crawl Stone Soup version 0.30-a0-778-g2ef04afb54 (webtiles) character file.

Game seed: 2852550526468011336

325494 jt the Severer (level 20, -14/170 HPs)
             Began as a Mummy Fighter on Feb 15, 2023.
             Was the Champion of Kikubaaqudgha.
             Demolished by a vampire knight
             ... wielding a +0 battleaxe
              (36 damage)
             ... on level 1 of the Crypt on Feb 16, 2023.
             The game lasted 03:27:55 (48273 turns).

jt the Severer (Mummy Fighter)                     Turns: 48273, Time: 03:27:56

Health: -14/170    AC: 13    Str: 21    XL:     20   Next: 74%
Magic:  12/38      EV: 13    Int: 15    God:    Kikubaaqudgha [******]
Gold:   2218       SH: 14    Dex: 20    Spells: 22/48 levels left

rFire   + . .      SeeInvis +    a - +5 broad axe (pain)
rCold   + + +      Faith    +    J - +0 kite shield {reflect}
rNeg    + + +      Spirit   .    G - +4 skin of Zhor {*Englaciate rC+++ SInv}
rPois   ∞          Reflect  +    g - +1 helmet
rElec   .          Harm     .    q - +2 cloak
rCorr   +          Rampage  .    (no gloves)
Will    +....                    D - +1 pair of boots
Stlth   +++                      i - amulet of regeneration
HPRegen 1.28/turn                M - ring of Beogh's Scorn {rPois rF+ Dex+3 Slay+2}
MPRegen 0.26/turn                L - ring of Kixtuyl {rF+ rCorr Dex+6 Stlth+}

@: weak-willed
A: cold resistance 1, negative energy resistance 3, torment resistance 2, heat
vulnerability 1, in touch with death 2, no potions, faith
}: 2/15 runes: barnacled, gossamer
a: Renounce Religion, Unearth Wretches, Torment


You were on level 1 of the Crypt.
You worshipped Kikubaaqudgha.
Kikubaaqudgha was exalted by your worship.
You visited 10 branches of the dungeon, and saw 38 of its levels.
You visited 1 bazaar.
You also visited: Bailey, Ice Cave and Volcano.

You collected 4588 gold pieces.
You spent 2370 gold pieces at shops.

Inventory:

Hand Weapons
 a - a +5 broad axe of pain (weapon)
 b - a +2 broad axe of flaming
 l - the +8 lance "Wyrmbane" {slay drac, rPois rF+ rC+ AC+3}
   (You found it on level 2 of the Vaults)

   AC:        It affects your AC (+3).
   rF:        It protects you from fire.
   rC:        It protects you from cold.
   rPois:     It protects you from poison.
 u - a +2 vampiric war axe
 O - the +0 rapier of the Hurling Gods {freeze, rElec Will+ Str+3 Dex+3}
   (You bought it in a shop on level 2 of the Orcish Mines)

   Str:       It affects your strength (+3).
   Dex:       It affects your dexterity (+3).
   rElec:     It insulates you from electricity.
   Will:      It increases your willpower.
 Y - a +5 demon trident of freezing
Missiles
 f - 3 curare-tipped darts (quivered)
 m - 2 throwing nets
 n - 23 poisoned darts
 r - 25 boomerangs
 s - 12 javelins
 U - 16 silver javelins
Armour
 e - the +10 plate armour of Gestures {+Inv Will+ Dex+3 Slay+3}
   (You bought it in a shop in a bazaar)

   Dex:       It affects your dexterity (+3).
   Slay:      It affects your accuracy & damage with ranged weapons and melee
   (+3).
   +Inv:      It lets you turn invisible.
   Will:      It increases your willpower.
 g - a +1 helmet (worn)
 o - +0 fire dragon scales
 q - a +2 cloak (worn)
 B - a +1 hat of see invisible
 D - a +1 pair of boots (worn)
 G - the +4 skin of Zhor (worn) {*Englaciate rC+++ SInv}
   (You found it on level 3 of the Lair of Beasts)

   *Englaciate: It radiates cold, occasionally slowing all nearby creatures who
   are not resistant to cold.
   rC:        It renders you almost immune to cold.
   SInv:      It lets you see invisible.
 J - a +0 kite shield of reflection (worn)
Magical Staves
 p - a staff of fire
Jewellery
 c - the ring of Bito {rN+ Will+ Dex+3 Slay+2}
   (You found it on level 4 of the Lair of Beasts)

   [ring of positive energy]

   Dex:       It affects your dexterity (+3).
   Slay:      It affects your accuracy & damage with ranged weapons and melee
   (+2).
   rN:        It protects you from negative energy.
   Will:      It increases your willpower.
 h - the ring of Tuugyefy {Will+ MP+9 Int+2 Dex+2}
   (You found it on level 4 of the Shoals)

   [ring of magical power]

   Int:       It affects your intelligence (+2).
   Dex:       It affects your dexterity (+2).
   MP:        It affects your magic capacity (+9).
   Will:      It increases your willpower.
 i - an amulet of regeneration (around neck)
 t - a +5 ring of evasion
 y - a +4 ring of protection
 I - a +5 ring of evasion
 L - the ring of Kixtuyl (right hand) {rF+ rCorr Dex+6 Stlth+}
   (You acquired it on level 7 of the Dungeon)

   [ring of dexterity]

   Dex:       It affects your dexterity (+6).
   rF:        It protects you from fire.
   rCorr:     It protects you from acid and corrosion.
   Stlth:     It makes you more stealthy.
 M - the ring of Beogh's Scorn (left hand) {rPois rF+ Dex+3 Slay+2}
   (You bought it in a shop on level 2 of the Orcish Mines)

   [ring of poison resistance]

   Dex:       It affects your dexterity (+3).
   Slay:      It affects your accuracy & damage with ranged weapons and melee
   (+2).
   rF:        It protects you from fire.
   rPois:     It protects you from poison.
 N - a ring of flight
 Q - a ring of protection from cold
 W - a ring of see invisible
 X - a +4 ring of protection
Wands
 d - a wand of charming (14)
 j - a wand of roots (6)
 v - a wand of flame (12)
Scrolls
 x - 4 scrolls of silence
 z - 3 scrolls of poison
 A - 5 scrolls of magic mapping
 C - a scroll of amnesia
 E - 4 scrolls of vulnerability
 F - 4 scrolls of fog
 K - 4 scrolls of teleportation
 S - a scroll of immolation
 Z - 2 scrolls of torment
Miscellaneous
 w - a phantom mirror (inert)
 H - a box of beasts
 R - a tin of tremorstones (2/2)
 T - a condenser vane (inert)


   Skills:
 + Level 17.7 Fighting
 - Level 18.0 Axes
 - Level 2.2(12.0) Polearms
 - Level 3.0 Throwing
 - Level 4.0 Armour
 - Level 4.0 Dodging
 - Level 2.0 Stealth
 + Level 15.0 Shields
 + Level 14.7 Spellcasting
 - Level 5.0 Hexes
 + Level 13.3 Necromancy
 - Level 6.0 Translocations
 - Level 3.6 Evocations


You had 22 spell levels left.
You knew the following spells:

 Your Spells              Type           Power      Damage    Failure   Level
a - Vampiric Draining     Necr           85%        2d12      1%          3
b - Passwall              Tmut/Erth      9%         N/A       16%         2
c - Blink                 Tloc           58%        N/A       1%          2
d - Animate Dead          Necr           85%        N/A       1%          4
e - Dispel Undead         Necr           85%        3d27      1%          4
f - Apportation           Tloc           58%        N/A       1%          1
g - Anguish               Hex/Necr       36%        N/A       2%          4
h - Death Channel         Necr           42%        N/A       7%          6

Your spell library contained the following spells:

 Spells                   Type           Power      Damage    Failure   Level
 Kiss of Death            Conj/Necr      100%       2d13      1%          1
 Necrotise                Necr           100%       1d9       1%          1
 Lesser Beckoning         Tloc           58%        N/A       1%          2
 Agony                    Necr           85%        N/A       1%          5
 Cigotuvi's Dreadful Rot  Necr/Pois/Air  100%       N/A       2%          2
 Gell's Gravitas          Tloc           29%        N/A       2%          3
 Teleport Other           Tloc           29%        N/A       2%          3
 Confusing Touch          Hex            26%        N/A       4%          3
 Tukima's Dance           Hex            26%        N/A       4%          3
 Ensorcelled Hibernation  Hex/Ice        36%        N/A       5%          2
 Manifold Assault         Tloc           29%        N/A       9%          4
 Passage of Golubria      Tloc           29%        N/A       9%          4
 Dazzling Flash           Conj/Hex       36%        N/A       11%         3
 Inner Flame              Hex/Fire       18%        N/A       11%         3
 Cause Fear               Hex            13%        N/A       13%         4
 Scorch                   Fire           22%        2d6       16%         2
 Borgnjor's Vile Clutch   Necr/Erth      31%        N/A       19%         5
 Swiftness                Air            11%        N/A       30%         3
 Leda's Liquefaction      Hex/Erth       9%         N/A       36%         4
 Summon Forest            Summ/Tloc      10%        N/A       63%         5
 Flame Wave               Conj/Fire      11%        2d6       71%         4
 Silence                  Hex/Air        9%         N/A       71%         5
 Summon Mana Viper        Hex/Summ       18%        N/A       71%         5
 Yara's Violent Unravell  Hex/Tmut       9%         3d6       71%         5
 Simulacrum               Ice/Necr       31%        N/A       71%         6
 Dispersal                Tloc           14%        N/A       80%         6
 Alistair's Intoxication  Tmut/Pois      7%         N/A       96%         5
 Freezing Cloud           Conj/Ice/Air   5%         6-21      96%         5
 Lee's Rapid Deconstruct  Erth           5%         3d6*      96%         5
 Eringya's Noxious Bog    Tmut/Pois      5%         N/A       100%        6
 Summon Cactus Giant      Summ           5%         N/A       100%        6
 Summon Hydra             Summ           5%         N/A       100%        7
 Discord                  Hex            13%        N/A       100%        8
 Disjunction              Tloc           14%        N/A       100%        8
 Lehudib's Crystal Spear  Conj/Erth      5%         10d3      100%        8
 Polar Vortex             Ice            5%         N/A       100%        9
 Sublimation of Blood     Necr           Unusable   N/A       N/A         2
 Wereblood                Tmut           Unusable   N/A       N/A         2
 Statue Form              Tmut/Erth      Unusable   N/A       N/A         6

Dungeon Overview and Level Annotations

Branches:
Dungeon (15/15)            Temple (1/1) D:6            Lair (5/5) D:9
 Shoals (4/4) Lair:2       Spider (4/4) Lair:3        Slime (0/5) Lair:5
    Orc (2/2) D:9             Elf (1/3) Orc:2        Vaults (3/5) D:14
  Crypt (1/3) Vaults:2     Depths (2/4) D:15         Bailey (visited)
  IceCv (visited)         Volcano (visited)

Altars:
Ashenzari
Cheibriados
Dithmenos
Fedhas
Hepliaklqana
Kikubaaqudgha
Makhleb
Nemelex Xobeh
Okawaru
Qazlal
Ru
Sif Muna
Trog
Uskayaw
Vehumet
Wu Jian
Xom
Yredelemnul
Jiyva

Shops:
D:4 !   D:11 :(   D:12 :   Orc:2 (?!=*   Shoals:1 (   Vaults:3 (

Portals:
Hell: Lair:5

Annotations:
D:8 exclusion: oklob plant
D:13 Rupert
Spider:3 2 transporters
Spider:4 Roxanne


Innate Abilities, Weirdness & Mutations

You are immune to poison.
Your flesh is cold resistant. (rC+)
You are immune to negative energy. (rN+++)
You are immune to unholy pain and torment.
You are vulnerable to heat. (rF-)
You are strongly in touch with the powers of death.
You do not drink.
You have a special connection with the divine. (Faith)


Message History

The anaconda zombie closely misses your soul eater.
Your soul eater hits the skeletal warrior!
The vampire mage hits your soul eater.
The vampire mage bites your soul eater but does no damage.
The ancient champion hits your soul eater with a +0 great mace.
Your soul eater closely misses the skeletal warrior.
Your phantasmal warrior hits the skeletal warrior.
The skeletal warrior's willpower is stripped away!
Your vampire knight gestures wildly while chanting.
Your vampire knight flickers and vanishes for a moment.
The vampire mage hits your soul eater.
The vampire mage closely misses your soul eater.
The ancient champion hits your soul eater with a +0 great mace!
Your phantasmal warrior hits the skeletal warrior!!
Your vampire knight hits the vampire mage with a +0 great sword of electrocution!!
Your vampire knight bites the vampire mage!
The vampire mage closely misses your vampire knight.
The vampire mage completely misses your vampire knight.
The skeletal warrior barely misses your phantasmal warrior.
Your soul eater hits the skeletal warrior.
Your phantasmal warrior hits the skeletal warrior!!
The skeletal warrior is destroyed!
Kikubaaqudgha accepts your kill.
Your vampire knight gestures wildly while chanting.
Your vampire knight seems to speed up.
Something closely misses your vampire knight.
Something bites your vampire knight.
The vampire knight casts a spell.
The vampire knight seems to speed up.
The ancient champion hits your soul eater but does no damage.
Something hits your vampire knight!!
The vampire knight misses your vampire knight.
The vampire knight hits your soul eater with a +0 battleaxe!!
The vampire knight closely misses your vampire knight.
The vampire knight casts a spell at you.
The vampire knight blinks!
There is a staircase back to the Vaults here.
The vampire knight hits you with a +0 battleaxe!!!
You die...
Kikubaaqudgha rasps: "You have failed me!
Welcome... oblivion!"

#######
##..⌠..##
#.......#
#....@..#
#⌠...V.⌠#
#.......#
#.......#
##..V..##
##..W##
##3..##
#..z..#
##..§##


You could see a vampire knight (fast, invisible), an ancient champion, a
friendly vampire knight (summoned, fast, invisible), a friendly soul eater
(summoned) and a friendly phantasmal warrior (summoned).

Vanquished Creatures
  Arachne (Spider:2)
  Agnes (Spider:1)
  An orc warlord (Orc:1)
  12 ghost moths
  6 vault wardens
  A curse skull (Crypt:1)
  2 ironbound thunderhulks
  A stone giant (Depths:1)
  2 broodmothers
  3 very ugly things
  6 ironbound preservers
  6 dire elephants
  A spark wasp (Depths:1)
  A fire dragon (D:15)
  3 merfolk impalers
  A deep elf death mage (Orc:2)
  4 merfolk javelineers (Shoals:4)
  6 entropy weavers
  2 yaktaur captains (Vaults:2)
  3 great orbs of eyes
  7 hydras
  A ragged hierophant (Orc:2)
  2 vault guards (Vaults:3)
  A peacekeeper (Vaults:1)
  5 jorogumos
  An ogre mage (Orc:2)
  2 catoblepae
  A spriggan air mage (Depths:1)
  4 ironbound frosthearts
  2 satyrs (Shoals:3)
  10 centaur warriors
  4 merfolk avatars
  A dancing weapon (Orc:2)
  4 merfolk aquamancers
  2 radroaches
  5 boulder beetles
  A two-headed ogre (D:9)
  A tengu warrior (D:15)
  4 alligator snapping turtles
  A spriggan berserker (D:15)
  13 death yaks
  A sun demon (Lair:5)
  Nergalle (D:12)
  An iron troll (Depths:1)
  10 pharaoh ants
  10 deep trolls
  8 skeletal warriors
  A glowing orange brain (Vaults:3)
  A sun moth (Spider:4)
  Lodul (D:14)
  10 sea snakes
  6 skysharks
  2 orb spiders (Spider:4)
  6 lindwurms (Vaults:2)
  2 anaconda skeletons (Volcano)
  5 ironbound convokers
  2 phantasmal warriors (Crypt:1)
  7 wizards
  17 harpies
  3 deep elf pyromancers
  4 steelbarb worms
  3 deep elf zephyrmancers (Orc:2)
  4 orc knights
  19 wolf spiders
  12 orc sorcerers
  44 ugly things
  7 manticores
  5 cyclopes
  13 fauns
  10 demonic crawlers
  9 moths of wrath
  23 elephants
  3 torpor snails
  4 water nymphs
  2 skyshark zombies
  A smoke demon (Lair:5)
  A black mamba (Lair:5)
  6 gargoyles
  2 guardian serpents (D:15)
  2 guardian serpents (shapeshifter) (D:14)
  5 merfolk sirens
  9 vault sentinels
  11 cane toads
  Maggie (D:7)
  An orange demon (Lair:5)
  A cane toad (shapeshifter) (D:14)
  A kobold demonologist (D:14)
  An efreet (D:15)
  An unseen horror (D:12)
  3 anaconda simulacra (IceCv)
  4 rime drakes
  15 komodo dragons
  4 ice devils (Lair:5)
  3 golden dragon simulacra (IceCv)
  5 freezing wraiths
  2 tengu conjurers
  10 yaktaurs
  A guardian mummy (Crypt:1)
  16 merfolk
  14 meliai
  7 trolls
  3 tyrant leeches (Spider:1)
  2 harpy skeletons (Volcano)
  16 tarantellas
  4 wind drakes
  2 hornets
  A tarantella (shapeshifter) (D:13)
  15 blink frogs
  10 snapping turtles
  11 dream sheep
  3 flying skulls (Volcano)
  30 slime creatures
  2 alligator skeletons (Volcano)
  Sigmund (D:2)
  18 jumping spiders
  A black mamba zombie (Crypt:1)
  5 water elementals (Shoals:4)
  21 culicivoras
  A dire elephant simulacrum (IceCv)
  3 shadows
  A wraith (D:10)
  37 yaks
  Eustachio (D:4)
  3 basilisks
  3 wyverns
  46 redbacks
  A two-headed ogre zombie (D:9)
  18 vampire mosquitoes
  2 harpy simulacra (IceCv)
  4 hell hounds (Lair:5)
  An acid dragon (D:13)
  17 water moccasins
  23 orc warriors
  An ice beast (D:5)
  3 alligator simulacra (IceCv)
  3 black bears
  A merfolk zombie (Shoals:2)
  A sky beast (D:7)
  17 ogres
  9 wolves
  21 centaurs
  A kobold brigand (D:9)
  11 bullfrogs
  A gnoll sergeant (D:8)
  2 necrophages
  A scorpion (D:5)
  5 jellies (D:6)
  3 wights (D:8)
  11 killer bees
  2 troll zombies (D:9)
  3 spriggan skeletons
  A troll skeleton (Volcano)
  An electric eel (Lair:2)
  A human zombie (Crypt:1)
  13 orc priests
  Ijyb (D:5)
  Jessica (D:2)
  A gnoll bouda (D:8)
  5 iguanas
  24 orc wizards
  5 ogre zombies (D:9)
  2 naga skeletons (Volcano)
  Robin (D:2)
  19 gnolls
  5 adders
  A shadow imp (D:7)
  A white imp (D:6)
  3 dart slugs (D:1)
  67 orcs
  2 bats
  9 endoplasms
  A giant cockroach (D:1)
  16 goblins
  17 hobgoblins
  2 jackals (D:1)
  25 kobolds
  7 quokkas
  9 ball pythons
  A ball python zombie (Crypt:1)
  4 frilled lizards
  3 goblin skeletons (D:9)
  5 goblin zombies (D:9)
  3 hobgoblin zombies (D:9)
  4 orc skeletons (D:9)
  10 orc zombies (D:9)
  7 rats
  A tentacle (Shoals:4)
1198 creatures vanquished.

Vanquished Creatures (collateral kills)
  A kraken (Shoals:4)
  Donald (Shoals:1)
  A fire giant (Vaults:2)
  Ilsuiw (Shoals:2)
  An emperor scorpion (Spider:4)
  2 vault wardens
  A frost giant (Shoals:4)
  An orc warlord (Vaults:2)
  6 very ugly things
  A ghost moth (Spider:4)
  5 ironbound preservers
  A vampire knight (Crypt:1)
  2 dire elephants (Vaults:3)
  An eidolon (Crypt:1)
  A deep elf death mage (Vaults:2)
  3 merfolk javelineers
  A crystal guardian (Vaults:3)
  A jiangshi (Vaults:2)
  2 vault guards (Vaults:2)
  6 merfolk impalers
  3 yaktaur captains
  A great orb of eyes (Vaults:1)
  2 merfolk avatars (Shoals:4)
  A peacekeeper (Vaults:3)
  2 ghost crabs (Spider:1)
  4 ironbound frosthearts
  3 jorogumos (Spider:4)
  A radroach (Spider:3)
  2 merfolk aquamancers (Shoals:4)
  An alligator (shapeshifter) (D:15)
  2 death yaks (Lair:4)
  A vampire mage (Vaults:2)
  A satyr (Shoals:4)
  Urug (D:11)
  A skeletal warrior (Crypt:1)
  3 skysharks
  12 deep trolls
  A pharaoh ant (Spider:3)
  4 slime creatures (Vaults:2)
  2 steelbarb worms
  5 orb spiders
  2 orange crystal statues (IceCv)
  2 lindwurms (Vaults:2)
  5 wizards
  4 ironbound convokers
  A necromancer (Crypt:1)
  7 sea snakes
  9 ugly things
  8 harpies
  7 wolf spiders
  11 fauns
  4 manticores
  An elephant (Lair:4)
  A moth of wrath (Spider:4)
  7 merfolk sirens
  5 vault sentinels
  A torpor snail (Spider:3)
  A water nymph (Shoals:1)
  A kobold demonologist (D:11)
  5 yaktaurs
  A freezing wraith (IceCv)
  10 merfolk
  A guardian mummy (Crypt:1)
  A queen bee (Spider:3)
  A tyrant leech (Spider:1)
  4 wind drakes
  A meliai (Spider:3)
  7 tarantellas
  6 jumping spiders
  2 snapping turtles (Shoals:4)
  A culicivora (Spider:3)
  A wraith (Vaults:2)
  A water elemental (Shoals:4)
  A dire elephant simulacrum (IceCv)
  12 redbacks
  4 vampire mosquitoes
  A hell hound (Lair:5)
  14 killer bees (Spider:3)
  A human zombie (Crypt:1)
  2 human skeletons (Crypt:1)
  4 mummies (Crypt:1)
  3 training dummies (Shoals:1)
  2 tentacles (Shoals:4)
255 creatures vanquished.

Vanquished Creatures (others)
  A sphinx (Vaults:2)
  An azure jelly (Crypt:1)
  A deep elf sorcerer (Vaults:2)
  8 vault wardens
  2 ironbound preservers
  A war gargoyle (Vaults:1)
  An ironbound thunderhulk (Vaults:3)
  An ettin (Vaults:2)
  2 entropy weavers
  4 very ugly thing zombies (Vaults:1)
  2 merfolk impalers (Shoals:4)
  3 yaktaur captains (Vaults:2)
  A great orb of eyes (Vaults:2)
  5 vault guards
  A caustic shrike simulacrum (IceCv)
  2 merfolk aquamancers
  2 ironbound frosthearts
  An azure jelly zombie (Crypt:1)
  A deep troll earth mage (Vaults:2)
  A skeletal warrior (Crypt:1)
  A ghost moth zombie (Spider:3)
  A sea snake (Shoals:4)
  3 skysharks
  7 deep trolls
  2 wizards (Vaults:2)
  4 ironbound convokers
  A lindwurm (Vaults:3)
  A sphinx zombie (Vaults:2)
  3 wolf spider zombies (Spider:4)
  7 ugly thing zombies
  2 ugly things
  3 manticores
  A vault sentinel (Vaults:2)
  2 merfolk sirens
  A black mamba (Crypt:1)
  A skyshark zombie (Shoals:3)
  5 sea snake zombies
  2 yaktaur zombies (Vaults:2)
  2 orb spider zombies
  8 redback zombies
  An iron troll zombie (Depths:1)
  An anaconda simulacrum (IceCv)
  13 harpy zombies
  4 merfolk
  A tyrant leech (Spider:1)
  2 culicivora zombies
  A moth of wrath zombie (Spider:3)
  4 tarantella zombies
  3 jumping spider zombies
  A snapping turtle (Shoals:4)
  A satyr zombie (Shoals:4)
  2 meliai zombies (Spider:3)
  A black mamba zombie (Crypt:1)
  A flying skull (Vaults:2)
  3 slime creature zombies (Vaults:3)
  3 tyrant leech zombies (Spider:1)
  A water elemental (Shoals:3)
  A wind drake zombie (Shoals:3)
  7 faun zombies
  3 deep troll zombies
  20 human zombies
  A water nymph zombie (Shoals:3)
  An elephant zombie (Lair:4)
  9 merfolk zombies
  4 snapping turtle zombies
  A manticore zombie (Shoals:3)
  4 vampire mosquito zombies (Spider:1)
  A queen bee zombie (Spider:3)
  An orc wizard (Orc:2)
  7 killer bee zombies (Spider:3)
  38 fungi
  194 plants
  5 tentacles (Shoals:4)
438 creatures vanquished.

Grand Total: 1891 creatures vanquished

Notes
Turn   | Place    | Note
-------+----------+-------------------------------------------
     0 | D:1      | jt the Mummy Fighter began the quest for the Orb.
     0 | D:1      | Reached XP level 1. HP: 18/18 MP: 1/1
   108 | D:1      | Reached XP level 2. HP: 21/24 MP: 2/2
   130 | D:1      | Reached skill level 2 in Axes
   297 | D:1      | Gained mutation: You are in touch with the powers of death.
                  | [Mummy growth]
   297 | D:1      | Reached XP level 3. HP: 27/29 MP: 3/3
   737 | D:2      | Noticed Robin
   784 | D:2      | Killed Robin
   785 | D:2      | Reached XP level 4. HP: 35/35 MP: 4/4
   802 | D:2      | Noticed Jessica
   817 | D:2      | Killed Jessica
   818 | D:2      | Reached skill level 3 in Axes
  1044 | D:2      | Noticed Sigmund
  1059 | D:2      | Reached XP level 5. HP: 42/42 MP: 5/5
  1861 | D:4      | Found a burning altar of Makhleb.
  1901 | D:4      | Found an iron altar of Okawaru.
  1977 | D:4      | Found a sacrificial altar of Ru.
  2040 | D:4      | Noticed Eustachio
  2051 | D:4      | Found a hide-covered altar of Uskayaw.
  2110 | D:4      | Killed Eustachio
  2111 | D:4      | Reached XP level 6. HP: 36/48 MP: 6/6
  2266 | D:4      | Found Uphekea's Distillery.
  2299 | D:4      | Reached skill level 4 in Axes
  2514 | D:5      | Entered Level 5 of the Dungeon
  2559 | D:5      | Noticed Ijyb
  2575 | D:5      | Killed Ijyb
  2779 | D:5      | Reached skill level 1 in Evocations
  2779 | D:5      | Reached XP level 7. HP: 48/55 MP: 7/7
  2846 | D:5      | Reached skill level 1 in Throwing
  3106 | D:5      | Found a shimmering blue altar of Sif Muna.
  3109 | D:5      | Found an ancient bone altar of Kikubaaqudgha.
  3117 | D:5      | Became a worshipper of Kikubaaqudgha
  3248 | D:5      | Reached skill level 5 in Fighting
  3352 | D:5      | Reached skill level 5 in Axes
  3453 | D:5      | Noticed a hornet
  3460 | D:5      | Killed a hornet
  3461 | D:5      | Reached XP level 8. HP: 39/62 MP: 8/8
  3679 | D:6      | Found a shadowy altar of Dithmenos.
  3826 | D:6      | Reached skill level 6 in Axes
  4129 | D:6      | Found a staircase to the Ecumenical Temple.
  4136 | Temple   | Entered the Ecumenical Temple
  4438 | D:7      | Reached skill level 5 in Shields
  4453 | D:7      | Noticed Maggie
  4661 | D:2      | Killed Sigmund
  4887 | D:7      | Reached * piety under Kikubaaqudgha
  4887 | D:7      | Received a gift from Kikubaaqudgha
  5143 | D:8      | Identified the +3 leather armour "Veudaut" {-Cast Str+5
                  | Dex+3}
  5193 | D:8      | Reached XP level 9. HP: 65/69 MP: 9/9
  5207 | D:8      | Reached skill level 7 in Axes
  5439 | D:8      | Found a sparkling altar of Nemelex Xobeh.
  5591 | D:8      | Identified the +1 robe of Integrity {Will+}
  5641 | D:8      | Found a blossoming altar of Fedhas.
  5656 | D:8      | Noticed an oklob plant
  5726 | D:7      | Identified the +11 whip of the Pyrrhic Victory {flame,
                  | Str+5 Int-4}
  5784 | D:8      | Reached ** piety under Kikubaaqudgha
  5926 | D:8      | Found a broken altar of Ashenzari.
  6404 | D:9      | Reached skill level 8 in Axes
  6489 | D:9      | Reached *** piety under Kikubaaqudgha
  6489 | D:9      | Received a gift from Kikubaaqudgha
  6557 | D:9      | Noticed a death yak
  6558 | D:9      | Found a staircase to the Lair.
  6563 | D:9      | Reached XP level 10. HP: 77/79 MP: 10/10
  6566 | D:9      | Killed a death yak
  6660 | D:9      | Found a flagged portal.
  6684 | Bailey   | Entered a bailey
  6702 | Bailey   | Reached skill level 9 in Axes
  6703 | Bailey   | Noticed an orc warlord
  6719 | Bailey   | Reached **** piety under Kikubaaqudgha
  6848 | Bailey   | Found a runed translucent gate.
  6850 | Bailey   | Found a runed translucent gate.
  6852 | Bailey   | Found a runed translucent gate.
  6890 | Bailey   | Noticed an orc knight
  6905 | Bailey   | Killed an orc knight
  7098 | Bailey   | Got the Verses on the Syncline and Transportation
  7106 | Bailey   | Identified the +0 morningstar of Resourcefulness {heavy,
                  | Int+5}
  7332 | D:9      | Found a staircase to the Orcish Mines.
  7559 | D:9      | Noticed a two-headed ogre
  7937 | Orc:1    | Entered Level 1 of the Orcish Mines
  8064 | Orc:1    | Noticed an orc knight
  8064 | Orc:1    | Noticed an orc sorcerer
  8102 | Lair:1   | Entered Level 1 of the Lair of Beasts
  8181 | Lair:1   | Reached ***** piety under Kikubaaqudgha
  8182 | Lair:1   | Reached XP level 11. HP: 48/87 MP: 11/11
  8245 | Lair:1   | Reached skill level 10 in Axes
  8401 | Lair:1   | Reached skill level 1 in Spellcasting
  8457 | Lair:1   | Reached skill level 1 in Necromancy
  9053 | Lair:2   | Noticed a six-headed hydra
  9067 | Lair:2   | Killed a six-headed hydra
  9193 | Lair:2   | Noticed a six-headed hydra
  9245 | Lair:2   | Noticed a seven-headed hydra
  9301 | D:9      | Killed a two-headed ogre
  9450 | D:10     | Entered Level 10 of the Dungeon
 10364 | D:11     | You fall into a shaft and drop 2 floors!
 10465 | D:13     | Noticed Rupert
 10486 | D:13     | Reached skill level 11 in Axes
 10535 | D:12     | Found Bugylal's Book Shop.
 10549 | D:12     | Learned a level 3 spell: Vampiric Draining
 10600 | D:11     | Noticed a cyan ugly thing
 10619 | D:11     | Found Huhuuc's Book Emporium.
 10646 | D:11     | Noticed Urug
 11145 | D:8      | Learned a level 2 spell: Passwall
 11170 | D:8      | Identified a scroll of acquirement
 11235 | D:7      | Acquired the ring of Kixtuyl {rF+ rCorr Dex+6 Stlth+}
 11452 | D:7      | Killed Maggie
 11453 | D:7      | Reached XP level 12. HP: 83/97 MP: 15/15
 12071 | D:11     | Killed Urug
 12151 | D:11     | Found Niaviq's Antique Weapon Shoppe.
 12155 | D:11     | Bought a glowing demon whip for 288 gold pieces
 12389 | D:12     | Reached skill level 10 in Fighting
 12750 | D:12     | Reached skill level 5 in Necromancy
 12774 | D:12     | Noticed Nergalle
 12793 | D:12     | Killed Nergalle
 13271 | Lair:2   | Killed a six-headed hydra
 13275 | Lair:2   | Reached skill level 12 in Axes
 13681 | Lair:2   | Killed a seven-headed hydra
 13864 | Lair:2   | Found a staircase to the Shoals.
 14251 | Lair:3   | Gained mutation: You are strongly in touch with the powers
                  | of death. [Mummy growth]
 14251 | Lair:3   | Reached XP level 13. HP: 98/106 MP: 16/16
 14370 | Lair:3   | Found the +4 skin of Zhor {*Englaciate rC+++ SInv}
 14500 | Lair:3   | Found a hole to the Spider Nest.
 14633 | Lair:3   | Found a sparkling altar of Nemelex Xobeh.
 15336 | Lair:4   | Reached skill level 1 in Dodging
 15337 | Lair:4   | Reached skill level 13 in Axes
 15482 | Lair:4   | Found a dark tunnel.
 15495 | Volcano  | Entered a volcano
 15528 | Volcano  | Learned a level 2 spell: Blink
 16820 | Lair:4   | Reached ****** piety under Kikubaaqudgha
 17025 | Lair:4   | Reached skill level 10 in Shields
 18004 | Lair:4   | Identified the ring of Bito {rN+ Will+ Dex+3 Slay+2}
 18035 | Lair:4   | Reached XP level 14. HP: 115/115 MP: 17/17
 18161 | Lair:5   | Entered Level 5 of the Lair of Beasts
 18415 | Lair:5   | Reached skill level 14 in Axes
 18778 | Lair:5   | Found a viscous altar of Jiyva.
 18778 | Lair:5   | Found a staircase to the Slime Pits.
 20255 | Orc:2    | Entered Level 2 of the Orcish Mines
 20373 | Orc:2    | Noticed an orc warlord
 20426 | Orc:2    | Found a staircase to the Elven Halls.
 20479 | Orc:1    | Killed an orc warlord
 20555 | Orc:2    | Found Wusu's CLEARANCE SALE!.
 20883 | Orc:2    | Found Mauxuah's Jewellery Shop.
 21026 | Orc:2    | Found a radiant altar of Vehumet.
 21063 | Orc:2    | Found Wyockiz's Distillery.
 21075 | Orc:2    | Found an ancient bone altar of Kikubaaqudgha.
 21085 | Orc:2    | Paralysed by an orc sorcerer for 4 turns
 21092 | Orc:2    | Reached skill level 15 in Axes
 21211 | Orc:2    | Found Weomi's Antique Weapon Boutique.
 21240 | Orc:2    | Found Naez's Magic Scroll Boutique.
 21249 | Orc:2    | Bought a scroll of blinking for 97 gold pieces
 21249 | Orc:2    | Bought a scroll of blinking for 97 gold pieces
 21251 | Orc:2    | Bought a scroll of fear for 52 gold pieces
 21251 | Orc:2    | Bought a scroll of enchant armour for 97 gold pieces
 21251 | Orc:2    | Bought a scroll of magic mapping for 97 gold pieces
 21419 | Shoals:1 | Entered Level 1 of the Shoals
 22044 | D:13     | Reached XP level 15. HP: 124/124 MP: 18/18
 22112 | D:14     | Noticed Lodul
 22143 | D:14     | Killed Lodul
 22999 | D:14     | Found a gate to the Vaults.
 23033 | D:15     | Entered Level 15 of the Dungeon
 24773 | Lair:4   | Learned a level 4 spell: Animate Dead
 25487 | Lair:5   | Reached skill level 5 in Spellcasting
 25489 | Lair:5   | Found a burning altar of Makhleb.
 25910 | Lair:5   | Found a gateway to Hell.
 26312 | Shoals:1 | Reached skill level 16 in Axes
 26432 | Shoals:1 | Noticed Donald
 26463 | Shoals:1 | Found Boacosig's Firing Range.
 26543 | Shoals:1 | Bought 4 curare-tipped darts for 52 gold pieces
 26787 | Orc:2    | Bought the ring of Beogh's Scorn {rPois rF+ Dex+3 Slay+2}
                  | for 584 gold pieces
 26828 | Orc:2    | Bought a smoking rapier for 306 gold pieces
 26828 | Orc:2    | Identified the +0 rapier of the Hurling Gods {freeze, rElec
                  | Will+ Str+3 Dex+3} (You bought it in a shop on level 2 of
                  | the Orcish Mines)
 26902 | Elf:1    | Entered Level 1 of the Elven Halls
 27075 | Spider:1 | Entered Level 1 of the Spider Nest
 27075 | Spider:1 | Noticed Agnes
 27084 | Spider:1 | Killed Agnes
 27085 | Spider:1 | Reached XP level 16. HP: 107/132 MP: 20/24
 27495 | Spider:1 | Found a frozen archway.
 27527 | IceCv    | Entered an ice cave
 27603 | IceCv    | Learned a level 4 spell: Dispel Undead
 29033 | Spider:2 | Learned a level 1 spell: Apportation
 29995 | Shoals:2 | Noticed Ilsuiw
 30875 | D:15     | Found a staircase to the Depths.
 30884 | D:15     | Reached skill level 17 in Axes
 31131 | Depths:1 | Entered Level 1 of the Depths
 31283 | Depths:1 | Reached XP level 17. HP: 127/140 MP: 29/29
 32012 | Elf:1    | Paralysed by an air elemental for 1 turns
 32447 | Depths:1 | Found a bloodstained altar of Trog.
 33395 | Shoals:3 | Reached skill level 15 in Fighting
 33612 | Shoals:3 | Reached skill level 1 in Stealth
 33622 | Shoals:3 | HP: 6/142 [faun/sling bullet[a satyr] (18)]
 33922 | Shoals:3 | Identified the +1 whip of Ravage {holy, rF- Will+ rCorr}
 34200 | Shoals:3 | Identified a +2 broad axe of pain (a +0 broad axe bloodied
                  | by Kikubaaqudgha)
 34200 | Shoals:3 | Received a gift from Kikubaaqudgha
 34305 | Shoals:4 | Entered Level 4 of the Shoals
 34797 | Shoals:4 | Noticed a kraken
 34798 | Shoals:4 | Identified the ring of Tuugyefy {Will+ MP+9 Int+2 Dex+2}
 34811 | Shoals:4 | Killed a kraken
 34888 | Shoals:4 | Reached skill level 10 in Spellcasting
 35518 | Spider:2 | Noticed Arachne
 35538 | Spider:2 | Killed Arachne
 35950 | Spider:3 | Found a transporter.
 35950 | Spider:3 | Found a transporter.
 35961 | Spider:2 | Reached skill level 1 in Hexes
 36011 | Spider:2 | HP: 5/142 [meliai/divine providence (13)]
 36306 | Spider:3 | Reached XP level 18. HP: 92/149 MP: 1/32
 36318 | Spider:3 | Learned a level 4 spell: Anguish
 36502 | Spider:3 | Reached skill level 18 in Axes
 36625 | Spider:3 | Reached skill level 10 in Necromancy
 37218 | Spider:4 | Entered Level 4 of the Spider Nest
 38578 | Spider:4 | Noticed Roxanne
 40502 | Spider:4 | Got a gossamer rune of Zot
 40990 | Shoals:1 | Killed Donald
 41297 | Shoals:2 | Killed Ilsuiw
 41298 | Shoals:2 | Reached skill level 1 in Translocations
 41570 | Shoals:2 | Reached skill level 5 in Hexes
 41951 | Shoals:4 | Reached XP level 19. HP: 147/157 MP: 35/35
 42073 | Shoals:4 | Learned a level 6 spell: Death Channel
 42723 | Shoals:4 | Got a barnacled rune of Zot
 43030 | Vaults:1 | Entered Level 1 of the Vaults
 43203 | Vaults:1 | Found a flickering gateway to a bazaar.
 43209 | Bazaar   | Entered a bazaar
 43209 | Bazaar   | Found Xoiwenil's Weapon Shoppe.
 43224 | Bazaar   | Found Xuuxku's Jewellery Shoppe.
 43249 | Bazaar   | Found Dycsergh's Antique Armour Shoppe.
 43261 | Bazaar   | Bought a spiked plate armour for 560 gold pieces
 43261 | Bazaar   | Identified the +10 plate armour of Gestures {+Inv Will+
                  | Dex+3 Slay+3} (You bought it in a shop in a bazaar)
 43261 | Bazaar   | Bought an ancient leather armour for 140 gold pieces
 43261 | Bazaar   | Identified the +4 leather armour "Meaqics" {Rampage Slay+2}
                  | (You bought it in a shop in a bazaar)
 44715 | Vaults:2 | Found a staircase to the Crypt.
 45284 | Vaults:2 | Reached XP level 20. HP: 156/168 MP: 21/37
 45430 | Vaults:2 | Reached skill level 5 in Translocations
 45613 | Vaults:2 | Identified the +8 glaive of False Accusations {heavy, MP+9
                  | Str+4}
 45985 | Vaults:2 | Found a transporter.
 46003 | Vaults:2 | Found a transporter.
 46003 | Vaults:2 | Found a transporter.
 46030 | Vaults:2 | Found the +8 lance "Wyrmbane" {slay drac, rPois rF+ rC+
                  | AC+3}
 46041 | Vaults:2 | Found a transporter.
 46056 | Vaults:2 | Found a transporter.
 46411 | Vaults:2 | Identified the +0 hat of Indemnity {rPois Stlth+}
 46793 | Vaults:3 | Reached skill level 1 in Polearms
 46988 | Vaults:3 | Found Nuosedyst's Antique Weapon Boutique.
 48138 | Crypt:1  | Entered Level 1 of the Crypt
 48257 | Crypt:1  | Reached skill level 15 in Shields
 48258 | Crypt:1  | HP: 4/170 [spriggan defender skeleton[a necromancer] (9)]
 48273 | Crypt:1  | Demolished by a vampire knight

Illustrated notes

Levels and vault maps discovered:
D:1:      onia_arrival_handbag, layout_rooms
D:2:      layout_rooms, moated_statue, uniq_sigmund, uniq_robin, uniq_jessica
D:3:      layout_loops_ring
D:4:      layout_basic, okawaru_altar_gauntlet_db, nicolae_ru_awakened_eye,
          overflow_temple_1_default, nicolae_overflow_crystal_walls,
          serial_shops, shop_fountains, uniq_eustachio
D:5:      layout_gridville, grunt_temple_overflow_diamond, uniq_ijyb
D:6:      layout_gridville, nicolae_dithmenos_through_a_glass_darkly,
          minmay_temple_entry_nine_rooms
D:7:      layout_layer_cave, serial_co_window_serial, co_window_paths_b,
          co_window_corner_a, co_window_paths_b, co_window_of_opportunity_a,
          co_window_paths_b, co_window_paths_b, co_window_of_opportunity_a,
          co_window_cross_2, co_window_2corner, co_window_corner_ca,
          co_window_of_opportunity_b, co_window_4corner_b, glass_columns_a,
          glass_columns_a, glass_columns_a, uniq_maggie
D:8:      layout_basic, kennysheep_mini_moat, mainiacjoe_overflow_catwalk,
          tgw_fedhas, minivault_21
D:9:      layout_cave_pods, kennysheep_mini, david_lair_generic,
          zombieorc2_lemuel, enter_bailey_1, roderic_serpentine_path
D:10:     layout_irregular_city
D:11:     layout_basic, serial_shops, shop, shop, uniq_urug
D:12:     layout_irregular_city, serial_shops, nicolae_shop_waterfront,
          uniq_nergalle
D:13:     layout_roguey, uniq_rupert
D:14:     layout_loops_cross, david_vaults_2, hangedman_glass_teeth, uniq_lodul
D:15:     gammafunk_enter_depths_forms, layout_long_grid,
          nicolae_triple_integral, serial_rivers,
          chequers_serial_rivers_small_a, chequers_serial_rivers_large_b,
          chequers_serial_rivers_room_b, chequers_serial_rivers_small_a,
          chequers_serial_rivers_micro_d, nrook_guardian_serpent_ordinary
Temple:   cyrus_temple_forest
Lair:1:   layout_regular_city, nicolae_quartered_pool_medium, grunt_megastairs_1
Lair:2:   layout_regular_city, nicolae_shoals_entry_roost,
          infiniplex_staircase_pool
Lair:3:   layout_cave_pods, spider_nest_entry_webs, basic_altar,
          hellmonk_guarded_unrand_zhor
Lair:4:   layout_cave_pods, nicolae_volcano_entry_two_sided
Lair:5:   evil_forest, layout_gridlike, slime_entry_1
Shoals:1: layout_shoals, nicolae_shop_firing_range, uniq_donald
Shoals:2: layout_shoals, uniq_ilsuiw
Shoals:3: layout_shoals
Shoals:4: shoals_end_grunt_ice, layout_shoals,
          nicolae_shoals_nautilus_by_nature, nicolae_shoals_seven_spires
Spider:1: layout_spider_delve, portal_ice_cave_entry_ugly_swarm,
          nicolae_spider_swamp_cousins, uniq_agnes
Spider:2: layout_spider_delve, uniq_arachne
Spider:3: gammafunk_boulding_lane, special_room [special_room_bee]
Spider:4: johnstein_spider_rune_arachne_lair, uniq_roxanne
Orc:1:    layout_caves, mines2_david
Orc:2:    kennysheep_orc_mage_school, layout_caves, nicolae_shop_clearance
Elf:1:    minmay_the_grid_octo_tiled_octocenter [minmay_the_grid_octo_odd_swirl,
          minmay_the_grid_octo_pinwheel, minmay_the_grid_octo_concentric,
          minmay_the_grid_octo_chip,
          minmay_the_grid_octo_prize_ultimate_mussel_roller,
          minmay_the_grid_square_5x5_almost_minimal,
          minmay_the_grid_square_5x5_three_small,
          minmay_the_grid_square_5x5_moneybag,
          minmay_the_grid_square_5x5_pentomino_r], layout_loops_cross,
          portal_desolation_entry_salt, gammafunk_ghost_wrathful_warriors,
          basic_altar, minmay_elf_annihilation, billiards_dpeg
Vaults:1: nicolae_vaults_windows_and_doors_thing, vaults_mumra_lcd,
          hangedman_vaults_maws, nicolae_vaults_ring_of_whatevers,
          vaults_room_fancy_cross, hangedman_vaults_snaps,
          nicolae_vaults_specimen_jars, nicolae_vaults_sealed_display,
          vaults_dpeg_emergency_exit, ontoclasm_vaults_gateway,
          layout_vaults_omnigrid, serial_shops, freezing_bzr
Vaults:2: minmay_crypt_entry_simple_plaza, nicolae_vaults_asterisk,
          ontoclasm_vaults_loading_screen, v_misc_32, ontoclasm_vaults_chip,
          nicolae_vaults_network_star, nicolae_vaults_little_squares_6,
          v_misc_11, gammafunk_the_bubble [the_bubble_gammafunk_roulette],
          nicolae_vaults_arrows, nicolae_vaults_alarming,
          hangedman_vaults_corner_blocks, layout_vaults_omnibox
Vaults:3: nicolae_vaults_little_squares_1, grunt_vaults_focal, v_misc_18,
          nicolae_vaults_little_squares_4, hangedman_vaults_cutoff,
          v_alt_pattern_1, ontoclasm_vaults_shuriken, hangedman_vaults_nails,
          vaults_room_boxed, nicolae_vaults_big_angled_halls,
          vaults_room_ringed_pool, v_misc_17, vaults_dpeg_diagonal,
          nicolae_vaults_little_squares_1, layout_vaults_omnicross,
          serial_shops, shop
Crypt:1:  layout_basic, grunt_crypt_arrival_guarded_gate, grunt_megastairs_4
Depths:1: layout_roguey [special_room_jelly], hell_entry,
          trog_three_pillars_becter, nicolae_wu_jian_immortal_techniques
Depths:2: nzn_winding_woodlands_medium [nzn_winding_woodlands_5x5_open_star,
          nzn_winding_woodlands_5x15_twine, nzn_winding_woodlands_5x5_cross,
          nzn_winding_woodlands_5x5_closed_star,
          nzn_winding_woodlands_center_diamonds,
          nzn_winding_woodlands_5x5_three, nzn_winding_woodlands_hourglass,
          nzn_winding_woodlands_5x15_parted, nzn_winding_woodlands_5x5_default],
          layout_cave_shapes, abyss_entry, pf_dread_powers_of_hell,
          infiniplex_staircase_squiggle, pan_entry, serial_bayou_shore_b,
          uniq_vv, uniq_asterion, uniq_nikola

Skill      XL: |  1  2  3  4  5  6  7  8  9 10 11 12 13 14 15 16 17 18 19 20 |
---------------+-------------------------------------------------------------+-----
Axes           | 2 3 4 5 6 8 9 11 12 13 15 16 17 18 | 18.0
Shields        | 3 4 5 6 7 8 9 10 11 12 13 14 15 | 15.0
Fighting       | 4 5 6 7 8 9 11 12 13 14 15 16 17 | 17.7
Evocations     | 1 2 3 |  3.6
Throwing       | 2 3 |  3.0
Spellcasting   | 2 5 8 10 12 13 14 | 14.7
Necromancy     | 4 5 6 8 9 11 12 13 | 13.3
Dodging        | 3 4 |  4.0
Stealth        | 2 |  2.0
Hexes          | 1 5 |  5.0
Translocations | 1 4 6 |  6.0
Armour         | 4 |  4.0
Polearms       | 2 |  2.2

Action                     |  1- 3 |  4- 6 |  7- 9 | 10-12 | 13-15 | 16-18 | 19-21 || total
---------------------------+-------+-------+-------+-------+-------+-------+-------++-------
  Melee: War axe           |   119 |   159 |   356 |   601 |  1073 |   699 |       ||  3007
         Whip              |       |       |       |    24 |       |       |       ||    24
         Broad axe         |       |       |       |       |   351 |   714 |   474 ||  1539
         Morningstar       |       |       |       |       |     3 |       |       ||     3
         Rapier            |       |       |       |       |       |    52 |       ||    52
         Lance             |       |       |       |       |       |       |    22 ||    22
   Fire: Sling             |       |       |     4 |       |       |       |       ||     4
  Throw: Stone             |     4 |     3 |       |       |     5 |       |       ||    12
         Dart              |       |    30 |    22 |    56 |   190 |   149 |    12 ||   459
         Javelin           |       |     6 |     3 |     2 |    17 |     2 |       ||    30
         Boomerang         |       |       |    13 |    76 |   153 |   135 |     5 ||   382
   Cast: Passwall          |       |       |       |     1 |       |       |     2 ||     3
         Animate Dead      |       |       |       |       |     5 |    21 |    11 ||    37
         Vampiric Draining |       |       |       |       |       |     9 |     4 ||    13
         Apportation       |       |       |       |       |       |     1 |       ||     1
         Anguish           |       |       |       |       |       |     2 |    45 ||    47
         Blink             |       |       |       |       |       |     1 |     3 ||     4
         Death Channel     |       |       |       |       |       |       |    36 ||    36
         Dispel Undead     |       |       |       |       |       |       |     7 ||     7
 Invoke: Torment           |       |       |       |     2 |     6 |     6 |     2 ||    16
         Brand Weapon With |       |       |       |       |       |     1 |       ||     1
         Unearth Wretches  |       |       |       |       |       |     6 |    13 ||    19
  Evoke: Wand              |       |     1 |     4 |    15 |     9 |    31 |     1 ||    61
         Box of beasts     |       |       |       |     1 |     3 |     3 |       ||     7
         Phantom mirror    |       |       |       |       |     1 |     6 |     1 ||     8
         Condenser vane    |       |       |       |       |       |       |     1 ||     1
    Use: Scroll            |     1 |     1 |    13 |    17 |    17 |    17 |     4 ||    70
   Stab: Sleeping          |       |       |       |       |     4 |     2 |     7 ||    13
         Distracted        |       |       |       |       |     2 |    14 |    15 ||    31
         Paralysed         |       |       |       |       |       |     4 |    20 ||    24
 Armour: Scale mail        |    62 |    51 |       |       |       |       |       ||   113
         Chain mail        |       |   111 |   110 |       |       |       |       ||   221
         Leather armour    |       |       |   103 |   144 |       |       |       ||   247
         Swamp dragon scal |       |       |       |   134 |     7 |       |       ||   141
         Animal skin       |       |       |       |       |   277 |   411 |    96 ||   784
  Dodge: Dodged            |    41 |    91 |    85 |   159 |   344 |   436 |   145 ||  1301
  Block: Buckler           |    22 |    60 |    10 |       |       |       |       ||    92
         Tower shield      |       |       |   324 |   659 |  1220 |  1445 |       ||  3648
         Kite shield       |       |       |       |       |       |    18 |   268 ||   286
         Reflection        |       |       |       |       |       |     4 |    15 ||    19

Table legend: (Time is in decaauts)
 A = Elapsed time spent in this place.
 B = Non-inter-level travel time spent in this place.
 C = Inter-level travel time spent in this place.
 D = Time resting spent in this place.
 E = Time spent auto-exploring this place.
 F = Levels seen in this place.
 G = Mean time per level.
                   A        B        C        D        E       F      G
               +--------+--------+--------+--------+--------+-----+--------+
         Total |  49522 |  43953 |   5569 |   8450 |  14253 |  42 | 1179.1 |
       Dungeon |  16894 |  14125 |   2769 |   1357 |   6200 |  15 | 1126.3 |
        Temple |     58 |     30 |     28 |      0 |      0 |   1 |   58.0 |
          Lair |  10031 |   8716 |   1315 |   1679 |   3412 |   5 | 2006.2 |
        Shoals |   5348 |   4870 |    478 |    896 |    815 |   4 | 1337.0 |
   Spider Nest |   7149 |   6762 |    387 |   2879 |   1001 |   4 | 1787.2 |
  Orcish Mines |   2504 |   2165 |    339 |    505 |    501 |   2 | 1252.0 |
   Elven Halls |     70 |     70 |      0 |      0 |      0 |   1 |   70.0 |
        Vaults |   4950 |   4701 |    249 |    633 |   2266 |   3 | 1650.0 |
         Crypt |    129 |    129 |      0 |      0 |     26 |   1 |  129.0 |
        Depths |    364 |    363 |      1 |    121 |      0 |   2 |  182.0 |
        Bazaar |     78 |     78 |      0 |      0 |     32 |   1 |   78.0 |
        Bailey |    621 |    621 |      0 |     68 |      0 |   1 |  621.0 |
      Ice Cave |    369 |    369 |      0 |     87 |      0 |   1 |  369.0 |
       Volcano |    952 |    952 |      0 |    224 |      0 |   1 |  952.0 |
               +--------+--------+--------+--------+--------+-----+--------+

Top non-repeatable levels by time:
  Lair:4: 2838 daAuts
  Lair:5: 2504 daAuts
Spider:4: 2487 daAuts
Spider:1: 2095 daAuts
    D:15: 2062 daAuts
     D:9: 1988 daAuts
  Lair:3: 1980 daAuts
Shoals:4: 1932 daAuts
   Orc:2: 1818 daAuts
Vaults:2: 1813 daAuts
  Lair:2: 1671 daAuts
Vaults:3: 1605 daAuts
Vaults:1: 1531 daAuts
Spider:3: 1526 daAuts
    D:10: 1466 daAuts
